 Dungeon Crawl Stone Soup version 0.24-a0-411-g4df2b1290f (webtiles) character file.

Game seed: 5683600455889129562

0 Gargoyl the Skirmisher (level 1, -15/19 HPs)
             Began as a Centaur Abyssal Knight on June 6, 2019.
             Was a Follower of Lugonu.
             Demolished by a tentacled starspawn (17 damage)
             ... on level 3 of the Abyss.
             The game lasted 00:01:21 (165 turns).

Gargoyl the Skirmisher (Centaur Abyssal Knight)      Turns: 165, Time: 00:01:21

Health: -15/19     AC:  4    Str: 13 (14) XL:     1   Next: 0%
Magic:  2/2        EV:  9    Int:  8 (11) God:    Lugonu [*.....]
Gold:   40         SH:  0    Dex:  6 (8)  Spells: 0/0 levels left

rFire    . . .     SeeInvis .   a - +1 hand axe
rCold    . . .     Gourm    .   (no shield)
rNeg     . . .     Faith    .   b - +0 leather armour
rPois    .         Spirit   .   (no helmet)
rElec    .         Reflect  .   (no cloak)
rCorr    .         Harm     .   (no gloves)
MR       .....                  (no barding)
Stlth    ..........             (no amulet)
HPRegen  0.06/turn              (no ring)
MPRegen  0.08/turn              (no ring)

@: very quick
A: large, hooves 3, deformed body, speed 2, tough skin 3
a: Depart the Abyss, Renounce Religion


You were on level 3 of the Abyss.
You worshipped Lugonu.
Lugonu was aware of your devotion.
You were not hungry.

You visited 0 branches of the dungeon, and saw 0 of its levels.
You visited the Abyss 1 time.

You collected 40 gold pieces.

Inventory:

Hand Weapons
 a - a +1 hand axe (weapon)
Armour
 b - a +0 leather armour (worn)
 d - a +0 ring mail
Wands
 e - a wand of acid (2)
Comestibles
 c - a ration


   Skills:
 + Level 3.0 Fighting
 + Level 1.7 Axes
 + Level 1.3 Armour
 + Level 0.6 Dodging
 + Level 2.0 Invocations


You couldn't memorise any spells.
You didn't know any spells.
Your spell library was empty.

Dungeon Overview and Level Annotations

Branches:
Dungeon (0/15)

Altars:


Innate Abilities, Weirdness & Mutations

You have hooves in place of feet.
Armour fits poorly on your strangely shaped body.
You cover ground very quickly.
You have extremely tough skin. (AC +3)


Message History

Aim: a starspawn tentacle (constricting you)
The bolt of acid hits the starspawn tentacle!
The starspawn tentacle is splashed with acid.
The starspawn tentacle is heavily damaged.
The bolt of acid hits the starspawn tentacle segment!
The starspawn tentacle segment is splashed with acid!
The acid corrodes the starspawn tentacle segment!
You destroy the starspawn tentacle segment!
* * * LOW HITPOINT WARNING * * *
The starspawn tentacle constricts you.
A starcursed mass splits.
Aiming: Corrosive Bolt
Press: ? - help, Shift-Dir - straight line, f/p - starspawn tentacle
Aim: a starspawn tentacle (heavily damaged, constricting you)
The bolt of acid hits the starspawn tentacle!
The starspawn tentacle is splashed with acid.
The acid corrodes the starspawn tentacle!
You destroy the starspawn tentacle!
The tentacled starspawn bites you!
Ouch! That really hurt!
You die...

#..... ..#.##..
#..≈..
#.....#.#
#.....##..#...#
.#..#...#... ..
(X .#X....## #.
#XX.#...# ..#
#X#...#.##.. ##
#......#.#. #
.. #@X#
#.#.#...# .#
#### ..#...###
.# ..... .
....#.# #####
..##.. # #
#.##.##.#
#.#.X.# ##.#
#...# .#.# .
.#..##. .....3.
..


You could see 4 starcursed masses and a tentacled starspawn.

Vanquished Creatures
  A starspawn tentacle (Abyss:3)
1 creature vanquished.

Vanquished Creatures (others)
  3 starspawn tentacles (Abyss:3)
3 creatures vanquished.

Grand Total: 4 creatures vanquished

Notes
Turn   | Place    | Note
-------+----------+-------------------------------------------
     0 | Abyss:1  | Gargoyl the Centaur Abyssal Knight began the quest for the
                  | Orb.
     0 | Abyss:1  | Reached XP level 1. HP: 19/19 MP: 2/2
    85 | Abyss:3  | Found a corrupted altar of Lugonu.
   121 | Abyss:3  | Noticed a smoke demon
   128 | Abyss:3  | Noticed a tentacled starspawn
   153 | Abyss:3  | Noticed a starcursed mass
   165 | Abyss:3  | Demolished by a tentacled starspawn

Levels and vault maps discovered:
Abyss:3:  hangedman_abyss_or_decor_jellyfish_corner

Action                   || total
-------------------------++-------
Evoke: Wand              ||     8
  Use: Scroll            ||     4
       Potion            ||     2

Table legend:
 A = Non-vault XP
 B = Vault XP
 C = Vault XP percentage of total XP
 D = Non-vault monster count
 E = Vault monster count
 F = Vault count percentage of total count
                 A         B        C        D         E       F
            +---------+---------+-------+---------+---------+-------
      Total |       0 |       0 |   N/A |       0 |       0 |  -nan
            +---------+---------+-------+---------+---------+-------
            +---------+---------+-------+---------+---------+-------
